 Dungeon Crawl Stone Soup version 0.31-a0-187-gba352fbbf7 (webtiles) character file.

Game seed: 3038703677753804289

51 qw the Shooter (level 3, 0/20 HPs)
             Began as a Deep Elf Hunter on June 22, 2023.
             Succumbed to an adder's poison
             ... on level 2 of the Dungeon.
             The game lasted 00:00:18 (1012 turns).

qw the Shooter (Deep Elf Hunter)                    Turns: 1012, Time: 00:00:19

Health: 0/20       AC:  4    Str: 10    XL:     3   Next: 57%
Magic:  5/5        EV: 12    Int: 13    God:
Gold:   45         SH:  0    Dex: 18    Spells: 2/2 levels left

rFire   . . .        a - +0 shortbow
rCold   . . .        (shield currently unavailable)
rNeg    . . .        c - +0 leather armour
rPois   .            b - +0 helmet
rElec   .            (no cloak)
rCorr   .            (no gloves)
SInv    .            (no boots)
Will    .....        (no amulet)
Stlth   ++           (no ring)
HPRegen 0.23/turn    (no ring)
MPRegen 0.09/turn

%: no passive effects
@: lethally poisoned (0 -> -2)
A: no striking features
a: no special abilities


You were on level 2 of the Dungeon.
You visited 1 branch of the dungeon, and saw 2 of its levels.

You collected 45 gold pieces.


   Skills:
 - Level 1.5 Fighting
 + Level 7.1 Ranged Weapons
 - Level 2.4 Dodging
 - Level 1.2 Stealth


You had 2 spell levels left.
You didn't know any spells.
Your spell library was empty.

Inventory:

Hand Weapons
 a - a +0 shortbow (weapon)
Armour
 b - a +0 helmet (worn)
 c - a +0 leather armour (worn)
 g - a +0 pair of gloves
 j - a +0 ring mail
 m - the +2 leather armour "Sihowka" {Rampage Str+8 Dex+4}
   (You found it on level 2 of the Dungeon)

   Str:       It affects your strength (+8).
   Dex:       It affects your dexterity (+4).
   Rampage:   It bestows one free step when moving towards enemies.
Scrolls
 h - a scroll of amnesia {unknown}
 i - a scroll of identify {unknown}
 k - a scroll of enchant armour {unknown}
Potions
 d - a potion of ambrosia {unknown}
 e - a potion of brilliance {unknown}
 f - a potion of haste {unknown}
 l - a potion of lignification {unknown}

Dungeon Overview and Level Annotations

Branches:
Dungeon (2/15)

Altars:


Message History

You feel sick.
You are no longer poisoned.
The adder closely misses you. x2; The adder bites you.
You are poisoned.
The adder poisons you!
You shoot an arrow.
The arrow hits the adder but does no damage.
The adder is severely wounded.
You feel sick. The adder barely misses you. The adder closely misses you.
The adder misses you.
You shoot an arrow. The arrow hits the adder!
You kill the adder!
You feel sick.
A quokka comes into view.
The adder barely misses you.
You shoot an arrow. The arrow hits the adder.
The adder is moderately wounded.
You feel sick.
You are no longer poisoned.
The adder barely misses you.
You shoot an arrow. The arrow hits the adder.
The adder is heavily wounded.
The adder closely misses you. The adder bites you.
You shoot an arrow. The arrow barely misses the adder.
The adder bites you.
You are lethally poisoned!
The adder poisons you!
You shoot an arrow. The arrow barely misses the adder.
You feel sick. The adder bites you but does no damage.
The adder barely misses you.
You shoot an arrow. The arrow hits the adder!
You kill the adder!
You feel sick. The quokka barely misses you.
Your Ranged Weapons skill increases to level 7!
You shoot an arrow. The arrow hits the quokka.
The quokka is severely wounded.
You feel sick. The quokka misses you.
You shoot an arrow. The arrow hits the quokka.
You kill the quokka!
You die...

#############
.......@....#########
######%####.........#
... #########.# .#.#.
#.#### ..).... #.....
.#.#.#. ######
....... # .#.#.#. # #


There were no monsters in sight!

Vanquished Creatures
  3 adders (D:2)
  2 endoplasms (D:2)
  A giant cockroach (D:2)
  2 jackals (D:2)
  3 kobolds
  2 quokkas
  3 ball pythons
  5 goblins
  4 rats
25 creatures vanquished.

Notes
Turn   | Place    | Note
-------+----------+-------------------------------------------
     0 | D:1      | qw the Deep Elf Hunter began the quest for the Orb.
     0 | D:1      | Reached XP level 1. HP: 12/12 MP: 3/3
     0 | D:1      | 0 ||| qw: Version: 0.3-a-9-g12657ce
     0 | D:1      | 0 ||| qw: Game counter: 2287
     0 | D:1      | 0 ||| qw: Always use a shield: true
     0 | D:1      | 0 ||| qw: God list: Okawaru
     0 | D:1      | 0 ||| qw: Allow faded altars: false
     0 | D:1      | 0 ||| qw: Do Orc after D:15 true
     0 | D:1      | 0 ||| qw: Do second Lair branch before Depths: true
     0 | D:1      | 0 ||| qw: Lair rune preference: random
     0 | D:1      | 0 ||| qw: Plans: Normal
     0 | D:1      | 0 ||| PLANNING D:1-11
    70 | D:1      | Found a faded altar of an unknown god.
   105 | D:1      | 105 ||| DROPPING scroll of butterflies.
   433 | D:1      | Reached skill level 6 in Ranged Weapons
   433 | D:1      | Reached XP level 2. HP: 16/16 MP: 4/4
   666 | D:1      | 666 ||| UPGRADING to +0 helmet.
   939 | D:2      | Identified the +2 leather armour "Sihowka" {Rampage Str+8
                  | Dex+4}
   993 | D:2      | Reached XP level 3. HP: 20/20 MP: 5/5
  1008 | D:2      | HP: 4/20 [adder (4)]
  1011 | D:2      | Reached skill level 7 in Ranged Weapons
  1011 | D:2      | HP: 1/20 [poisoned by an adder]
  1012 | D:2      | Succumbed to an adder's poison

Levels and vault maps discovered:
D:1:      kennysheep_arrival_forest, layout_basic, serial_forest,
          infiniplex_forest_straight_1, infiniplex_forest_lined_2,
          infiniplex_forest_lined_1, infiniplex_forest_clump_C,
          infiniplex_forest_straight_1, dreamdust_ecumenical_altar_grove
D:2:      layout_loops_ring, basic_altar, glass_columns_c, st_stairs_5,
          minmay_surrounded

Skill      XL: |  1  2  3 |
---------------+----------+-----
Ranged Weapons | 6 7 |  7.1
Fighting       | |  1.5
Dodging        | |  2.4
Stealth        | |  1.2

Action                     || total
---------------------------++-------
   Fire: Shortbow          ||    53
 Armour: Leather armour    ||     2
  Dodge: Dodged            ||    16

Table legend:
 A = Non-vault XP
 B = Vault XP
 C = Vault XP percentage of total XP
 D = Non-vault monster count
 E = Vault monster count
 F = Vault count percentage of total count
                 A         B        C        D         E       F
            +---------+---------+-------+---------+---------+-------
      Total |      68 |       7 |   9.3 |      21 |       4 |  16.0
            +---------+---------+-------+---------+---------+-------
        D:1 |      13 |       0 |   0.0 |       9 |       0 |   0.0
        D:2 |      55 |       7 |  11.3 |      12 |       4 |  25.0
            +---------+---------+-------+---------+---------+-------
